AoeStats
← villameduusa

Nomad

510348179Analyzed
2v2 RM · 1d ago on Sep 30, 2026· 44m 0s· 4 players
Game mode
Random Map
Map size
176×176
Population
200
Speed
Normal
Resources
Standard
Victory
Conquest
Starting age
Dark Age
Ending age
Imperial Age
RankedLock teamsTeams togetherTeam positionsShared explorationLock speedFull tech treeHidden civsTurbo modeCheats
Victory
Defeat
🇫🇷 Byzantines · France
862
+14
🇨🇳 Varangians · China
810
+16
🇫🇮 Saracens · Finland
824
-15
🇫🇮 Teutons · Finland
824
-15
chirbe
10:22 Loom
17:55 Feudal Age
18:39 Double-Bit Axe
21:48 Gold Mining
24:17 Castle Age
22:06 Horse Collar
22:33 Scale Barding Armor
22:40 Forging
23:28 Fletching
27:31 Scale Mail Armor
27:05 Pikeman
28:34 Bodkin Arrow
36:24 Squires
villameduusa
7:52 Loom
15:41 Feudal Age
17:04 Double-Bit Axe
18:51 Wheelbarrow
21:31 Castle Age
20:29 Stone Mining
20:29 Gold Mining
21:05 Horse Collar
21:50 Gold Mining
22:29 Town Watch
23:05 Pikeman
26:34 Forging
26:24 Scale Mail Armor
28:32 Scale Barding Armor
31:19 Chain Mail Armor
31:43 Iron Casting
32:10 Heavy Plow
37:56 Imperial Age
37:11 Chain Barding Armor
39:23 Stone Shaft Mining
38:25 Cavalier
39:17 Bloodlines
40:26 Bow Saw
42:47 Chemistry
43:55 Two-Man Saw
44:12 Plate Barding Armor
44:38 Blast Furnace
zeng2382024
5:03 Loom
17:33 Feudal Age
22:03 Castle Age
20:41 Forging
20:36 Scale Barding Armor
21:45 Double-Bit Axe
21:44 Fishing Lines
24:29 Gillnets
30:41 Padded Archer Armor
35:45 Scale Mail Armor
38:48 Husbandry
38:59 Bloodlines
38:11 Light Cavalry
40:48 Iron Casting
Bélisaire
3:39 Loom
17:32 Feudal Age
22:53 Castle Age
21:53 Fishing Lines
22:38 Gold Mining
23:46 Stone Mining
23:47 Double-Bit Axe
24:00 Gillnets
25:48 Gold Shaft Mining
25:26 Bow Saw
27:22 Wheelbarrow
27:28 Stone Shaft Mining
30:25 Imperial Age
28:02 Siphons
28:05 Husbandry
29:48 Forging
29:45 Scale Barding Armor
30:09 Greek Fire
30:23 Medium Warships
32:11 Conscription
32:44 Squires
32:04 Pikeman
35:32 Elite Cataphract
37:58 Logistica
37:42 Fletching
39:19 Heavy Warships
41:38 Clinker Construction
42:08 Iron Casting
41:54 Chain Barding Armor
44:08 Hand Cart
44:32 Plate Barding Armor
Connection lost

Rejoining the realm…

Still unreachable

The connection could not be restored.

Session expired

The server has moved on; the page needs a fresh start.